 Dungeon Crawl Stone Soup version 0.25.1-4-g9407a263a5 (webtiles) character file.

Game seed: 17943605708267154866

27 Clowwww the Magician (level 2, -3/19 HPs)
             Began as a Demonspawn Wizard on Nov 28, 2020.
             Shot with a stone by a goblin (6 damage)
             ... led by Robin
             ... on level 2 of the Dungeon.
             The game lasted 00:03:22 (1675 turns).

Clowwww the Magician (Demonspawn Wizard)            Turns: 1675, Time: 00:03:23

Health: -3/19      AC:  2    Str:  7    XL:     2   Next: 93%
Magic:  0/6        EV: 12    Int: 19    God:
Gold:   59         SH:  0    Dex: 11    Spells: 5/8 levels left

rFire    . . .     SeeInvis .   (no weapon)
rCold    . . .     Gourm    .   (no shield)
rNeg     . . .     Faith    .   a - +0 robe
rPois    .         Spirit   .   b - +0 hat
rElec    .         Reflect  .   (no cloak)
rCorr    .         Harm     .   (no gloves)
MR       .....                  (no boots)
Stlth    ++........             (no amulet)
HPRegen  0.06/turn              (no ring)
MPRegen  0.10/turn              (no ring)

@: no status effects
A: antennae 1
a: no special abilities


You were on level 2 of the Dungeon.
You were not hungry.

You visited 1 branch of the dungeon, and saw 2 of its levels.

You collected 59 gold pieces.

Inventory:

Armour
 a - a +0 robe (worn)
 b - a +0 hat (worn)
Scrolls
 c - 3 scrolls of identify {unknown}
 e - a scroll of enchant weapon {unknown}
Potions
 g - a potion of haste {unknown}
Comestibles
 d - a ration


   Skills:
 + Level 2.0 Dodging
 + Level 2.0 Stealth
 + Level 0.2 Unarmed Combat
 + Level 3.5 Spellcasting
 + Level 1.1 Conjurations
 + Level 1.2 Summonings
   Level 0.8 Translocations


You had 5 spell levels left.
You knew the following spells:

 Your Spells              Type           Power        Failure   Level  Hunger
a - Magic Dart            Conj           #...         10%         1    None
b - Call Imp              Summ           #.......     13%         2    ##.....

Your spell library contained the following spells:

 Spells                   Type           Power        Failure   Level  Hunger
 Blink                    Tloc           N/A          16%         2    ##.....
 Slow                     Hex            #.......     22%         2    ##.....
 Conjure Flame            Conj/Fire      #.......     34%         3    ###....
 Mephitic Cloud           Conj/Pois/Air  #.......     36%         3    ###....


Dungeon Overview and Level Annotations

Branches:
Dungeon (2/15)

Altars:

Annotations:
D:2 Robin


Innate Abilities, Weirdness & Mutations

You have a pair of small antennae on your head.


Message History

Robin hits your crimson imp with a +0 trident.
The hobgoblin completely misses you.
The goblin shoots a stone.
The stone closely misses you.
Your crimson imp hits Robin but does no damage.
You hit the hobgoblin but do no damage.
The hobgoblin is almost dead.
Robin closely misses your crimson imp. The hobgoblin barely misses you.
The goblin shoots a stone.
The stone hits you.
* * * LOW HITPOINT WARNING * * *
Your crimson imp barely misses Robin.
Casting: Magic Dart (safe; 10% risk of failure)
Confirm with . or Enter, or press ? or * to list all spells.
Aiming: Magic Dart (safe; 10% risk of failure)
Press: ? - help, Shift-Dir - straight line, f/p - hobgoblin
Aim: a hobgoblin, wielding a +0 club (almost dead, strong)
The magic dart hits the hobgoblin.
You kill the hobgoblin!
Robin hits your crimson imp with a +0 trident.
Your crimson imp hits Robin.
The goblin shoots a stone.
The stone hits you.
You die...

#.########
....g5g.@#
....####)####### .
#.......# #######.#
#.# #.# ##+##
########.# ##...##
#.....##.#
##.....###.###.##.#


You could see Robin, a goblin (strong) and a friendly crimson imp (summoned).

Vanquished Creatures
  A leopard gecko (D:1)
  3 bats
  A giant cockroach (D:1)
  4 hobgoblins
  A kobold (D:1)
  A ball python (D:1)
  A frilled lizard (D:1)
  4 goblins (D:1)
  3 rats (D:1)
19 creatures vanquished.

Vanquished Creatures (collateral kills)
  A leopard gecko (D:1)
  2 hobgoblins (D:1)
  2 goblins (D:2)
5 creatures vanquished.

Vanquished Creatures (others)
  A giant cockroach (D:2)
1 creature vanquished.

Grand Total: 25 creatures vanquished

Notes
Turn   | Place    | Note
-------+----------+-------------------------------------------
     0 | D:1      | Clowwww the Demonspawn Wizard began the quest for the Orb.
     0 | D:1      | Reached XP level 1. HP: 13/13 MP: 4/4
   555 | D:1      | Gained mutation: You have a pair of small antennae on your
                  | head. [demonic ancestry]
   555 | D:1      | Reached XP level 2. HP: 10/19 MP: 0/6
   714 | D:1      | Learned a level 2 spell: Call Imp
  1664 | D:2      | Noticed Robin
  1675 | D:2      | Shot with a stone by a goblin

Illustrated notes

Levels and vault maps discovered:
D:1:      sevenhm_arrival_forest_fort_large_3, layout_basic
D:2:      layout_loops_corners, elyvilon_altar_4,
          nicolae_qazlal_eye_of_the_storm, uniq_robin

Skill      XL: |  1  2 |
---------------+-------+-----
Dodging        | 2 |  2.0
Stealth        | 2 |  2.0
Unarmed Combat | |  0.2
Spellcasting   | |  3.5
Conjurations   | |  1.1
Summonings     | |  1.2
Translocations | |  0.8

Action                   || total
-------------------------++-------
Melee: Unarmed           ||    49
 Cast: Magic Dart        ||    57
       Call Imp          ||     5
  Eat: Chunk             ||     2
Armor: Robe              ||     6
Dodge: Dodged            ||    41
